AoeStats
← jOSOPEID

MegaRandom

509589052Analyzed
3v3 RM · 6d ago on Sep 27, 2026· 90m 34s· 6 players
Game mode
Random Map
Map size
Normal (6 player)
Population
200
Speed
Normal
Resources
Standard
Victory
Conquest
Starting age
Dark Age
Ending age
Imperial Age
RankedLock teamsTeams togetherTeam positionsShared explorationLock speedFull tech treeHidden civsTurbo modeCheats
Victory
Defeat
🇨🇷 Mongols · Costa Rica
883
+12
🇪🇸 Bohemians · Spain
755
+17
🇷🇺 Japanese · Russia
698
+18
🇬🇧 Portuguese · United Kingdom
797
-17
🇩🇪 Hindustanis · Germany
764
-15
🇩🇪 Saracens · Germany
762
-15
Benthebrit20
13:44 Feudal Age
14:18 Horse Collar
14:27 Double-Bit Axe
23:34 Castle Age
23:16 Stone Mining
26:17 Wheelbarrow
31:20 Gold Mining
33:21 Loom
36:31 Imperial Age
36:33 Elite Organ Gun
37:36 Conscription
36:51 Elite Skirmisher
37:26 Fletching
38:03 Bodkin Arrow
38:08 Padded Archer Armor
38:53 Bow Saw
39:15 Bow Saw
40:30 Heavy Plow
41:21 Bracer
41:36 Leather Archer Armor
43:17 Hand Cart
44:30 Chemistry
43:46 Thumb Ring
44:16 Ring Archer Armor
44:10 Pikeman
44:38 Gambesons
46:04 Fortified Wall
46:51 Forging
46:41 Scale Mail Armor
46:50 Arquebus
49:19 Caravan
50:23 Two-Man Saw
50:02 Crop Rotation
53:40 Ballistics
53:30 Siege Engineers
68:59 Circumnavigation
jOSOPEID
13:55 Feudal Age
19:36 Castle Age
20:09 Wheelbarrow
19:28 Double-Bit Axe
19:30 Horse Collar
19:44 Double-Bit Axe
24:01 Wheelbarrow
26:03 Heavy Plow
25:57 Gold Mining
26:22 Husbandry
30:18 Gold Shaft Mining
29:36 Stone Mining
30:06 Caravan
31:17 Hand Cart
31:26 Forging
31:22 Scale Barding Armor
39:39 Imperial Age
41:59 Elite Mameluke
44:01 Heavy Camel Rider
45:36 Chain Barding Armor
45:52 Iron Casting
49:36 Bimaristan
54:56 Counterweights
83:17 Plate Barding Armor
83:42 Blast Furnace
IRAMODE
11:29 Feudal Age
18:06 Castle Age
16:46 Horse Collar
17:38 Double-Bit Axe
17:47 Stone Mining
21:09 Wheelbarrow
20:19 Loom
21:45 Bow Saw
21:40 Pikeman
27:16 Man-at-Arms
28:52 Gold Mining
29:32 Hand Cart
29:22 Scale Mail Armor
29:32 Forging
29:35 Squires
28:55 Long Swordsman
30:10 Long Swordsman
31:49 Chain Mail Armor
34:49 Fletching
35:00 Padded Archer Armor
36:30 Elite Skirmisher
39:29 Ballistics
45:26 Fortified Wall
48:03 Gold Shaft Mining
54:03 Imperial Age
53:15 Grand Trunk Road
54:08 Iron Casting
59:46 Two-Handed Swordsman
64:25 Champion
Gnosis
12:27 Feudal Age
11:52 Loom
11:57 Loom
15:02 Man-at-Arms
21:02 Castle Age
20:57 Bloodlines
21:08 Double-Bit Axe
21:11 Horse Collar
22:32 Forging
26:14 Wheelbarrow
26:24 Fortified Wall
28:23 Husbandry
30:46 Ballistics
30:25 Murder Holes
32:59 Hand Cart
32:49 Scale Mail Armor
32:50 Guard Tower
32:47 Pikeman
34:01 Gold Mining
34:02 Stone Mining
38:42 Caravan
39:13 Coinage
39:21 Nomads
39:50 Nomads
43:07 Imperial Age
43:25 Elite Mangudai
46:05 Heavy Plow
46:19 Scale Barding Armor
46:05 Fletching
46:16 Padded Archer Armor
46:52 Iron Casting
46:32 Chain Mail Armor
45:43 Elite Steppe Lancer
45:45 Cavalier
45:49 Capped Ram
46:54 Drill
47:15 Bow Saw
47:41 Stone Shaft Mining
47:42 Gold Shaft Mining
47:00 Long Swordsman
49:30 Two-Handed Swordsman
50:28 Champion
53:08 Siege Ram
54:57 Chemistry
54:04 Siege Engineers
54:09 Masonry
55:38 Chain Barding Armor
55:56 Plate Mail Armor
56:36 Blast Furnace
57:23 Squires
57:08 Arson
61:56 Light Cavalry
69:20 Hussar
73:12 Onager
78:02 Siege Onager
RUSwalrus
11:07 Feudal Age
11:40 Double-Bit Axe
11:37 Horse Collar
12:45 Gold Mining
16:29 Wheelbarrow
20:52 Castle Age
19:29 Fletching
20:46 Man-at-Arms
22:28 Hand Cart
22:28 Bow Saw
22:20 Heavy Plow
22:57 Gold Shaft Mining
22:15 Stone Mining
22:54 Long Swordsman
23:16 Crossbowman
24:12 Squires
26:47 Gambesons
27:11 Caravan
27:16 Bodkin Arrow
27:49 Thumb Ring
27:27 Pikeman
30:37 Forging
30:31 Scale Mail Armor
31:08 Ballistics
30:48 Murder Holes
31:04 Masonry
31:11 Yasama
32:23 Iron Casting
31:49 Padded Archer Armor
32:00 Guard Tower
32:02 Treadmill Crane
37:25 Imperial Age
35:28 Town Watch
37:44 Town Patrol
38:19 Two-Handed Swordsman
40:53 Two-Man Saw
41:02 Blast Furnace
41:05 Chain Mail Armor
41:07 Leather Archer Armor
42:46 Halberdier
44:16 Hoardings
44:53 Conscription
44:04 Arbalester
46:07 Kataparuto
47:01 Parthian Tactics
47:19 Keep
46:36 Arrowslits
47:53 Chemistry
47:01 Siege Engineers
46:55 Arson
48:45 Fervor
54:08 Bracer
54:39 Ring Archer Armor
54:40 Plate Mail Armor
55:27 Coinage
57:40 Elite Skirmisher
73:00 Onager
Oliverness
13:42 Feudal Age
11:58 Loom
15:14 Double-Bit Axe
16:22 Horse Collar
19:21 Castle Age
18:20 Town Watch
19:13 Wheelbarrow
19:23 Forging
21:55 Husbandry
21:34 Pikeman
27:45 Town Patrol
33:38 Fortified Wall
34:32 Chemistry
33:53 Ballistics
35:04 Bow Saw
35:44 Squires
35:29 Arson
40:43 Imperial Age
40:16 Arson
41:25 Masonry
41:13 Murder Holes
42:27 Hussite Reforms
42:31 Wagenburg Tactics
41:48 Elite Hussite Wagon
43:46 Heavy Plow
45:33 Iron Casting
44:59 Scale Mail Armor
45:25 Hand Cart
45:39 Sanctity
45:57 Illumination
45:52 Block Printing
46:19 Theocracy
45:43 Herbal Medicine
46:02 Fervor
50:48 Halberdier
54:21 Caravan
60:17 Houfnice
60:26 Heavy Scorpion
63:26 Blast Furnace
62:17 Fletching
62:43 Chain Mail Armor
62:34 Scale Barding Armor
62:29 Padded Archer Armor
62:33 Husbandry
62:03 Cavalier
70:36 Light Cavalry
Connection lost

Rejoining the realm…

Still unreachable

The connection could not be restored.

Session expired

The server has moved on; the page needs a fresh start.